 Dungeon Crawl Stone Soup version 0.30-a0-722-g3e6e8c874d (webtiles) character file.

Game seed: 14130429956362961644

11469 browni3141 the Brawler (level 11, -11/105 HPs)
             Began as a Troll Berserker on Jan 28, 2023.
             Was an Elder of Trog.
             Mangled by a skeletal warrior
             ... wielding a +3 short sword
              (17 damage)
             ... on level 11 of the Dungeon.
             The game lasted 00:15:51 (7184 turns).

browni3141 the Brawler (Troll Berserker)            Turns: 7184, Time: 00:15:51

Health: -11/105    AC:  5    Str: 37    XL:     11   Next: 49%
Magic:  10/10      EV: 16    Int:  3    God:    Trog [****..]
Gold:   630        SH:  5    Dex:  9    Spells: 10/10 levels left

rFire   + . .      SeeInvis .      - Unarmed
rCold   . . .      Faith    .    (no shield)
rNeg    . . .      Spirit   .    t - +1 robe {rF+}
rPois   .          Reflect  +    (helmet restricted)
rElec   .          Harm     .    (no cloak)
rCorr   .          Rampage  .    (gloves unavailable)
Will    .....                    (boots unavailable)
Stlth   +                        K - amulet of reflection
HPRegen 1.17/turn                o - +5 ring of evasion
MPRegen 0.12/turn                J - +6 ring of strength

@: no status effects
A: large, unfitting armour, claws 3, regeneration 1, shaggy fur 1, tough skin 1
a: Renounce Religion, Berserk, Trog's Hand, Brothers in Arms


You were on level 11 of the Dungeon.
You worshipped Trog.
Trog was greatly pleased with you.
You visited 1 branch of the dungeon, and saw 11 of its levels.

You collected 630 gold pieces.

Inventory:

Missiles
 u - 3 atropa-tipped darts (quivered)
 N - 2 throwing nets
Armour
 a - a +0 animal skin
 t - a +1 robe of fire resistance (worn)
 A - a +0 robe of willpower
 C - a +0 kite shield
 D - an orb of guile
Jewellery
 o - a +5 ring of evasion (left claw)
 y - an amulet of the acrobat
 E - a +6 ring of intelligence
 G - a +6 ring of dexterity
 J - a +6 ring of strength (right claw)
 K - an amulet of reflection (around neck)
Wands
 c - a wand of flame (19)
 l - a wand of digging (13)
 r - a wand of iceblast (31)
 s - a wand of light (4)
Scrolls
 b - 2 scrolls of immolation {unknown}
 d - 2 scrolls of torment {unknown}
 e - 4 scrolls of blinking {unknown}
 f - 19 scrolls of identify {unknown}
 j - 4 scrolls of enchant weapon {unknown}
 k - 4 scrolls of magic mapping {unknown}
 n - 2 scrolls of brand weapon {unknown}
 q - a scroll of fear {unknown}
 w - a scroll of fog {unknown}
 x - a scroll of butterflies {unknown}
 B - 6 scrolls of teleportation {unknown}
 H - a scroll of poison {unknown}
 L - a scroll of noise {unknown}
 M - a scroll of acquirement {unknown}
 P - a scroll of silence {unknown}
 Q - 2 scrolls of vulnerability {unknown}
Potions
 g - 4 potions of berserk rage {unknown}
 h - 4 potions of attraction {unknown}
 i - 5 potions of curing {unknown}
 m - a potion of haste {unknown}
 p - 3 potions of might {unknown}
 z - 4 potions of lignification {unknown}
 F - 2 potions of heal wounds {unknown}
 I - a potion of brilliance {unknown}
 O - a potion of magic {unknown}


   Skills:
 * Level 5.8 Fighting
 * Level 5.2 Throwing
 + Level 5.5 Dodging
 - Level 1.0 Stealth
 + Level 1.0 Shields
 * Level 15.0 Unarmed Combat


You had 10 spell levels left.
You didn't know any spells.
Your spell library was empty.

Dungeon Overview and Level Annotations

Branches:
Dungeon (11/15)            Temple (0/1) D:6            Lair (0/5) D:10
    Orc: D:9-12

Altars:
Cheibriados
Dithmenos
Nemelex Xobeh
Qazlal
Trog
Wu Jian
Xom
Zin

Shops:
D:6 (   D:10 *


Innate Abilities, Weirdness & Mutations

You are too large for most types of armour.
You have claws for hands.
Your natural rate of healing is unusually fast.
You are covered in fur. (AC +1)
You have tough skin. (AC +1)


Message History

You block the vampire mosquito's attack.
The vampire mosquito closely misses you.
You block the vampire mosquito's attack.
The vampire mosquito misses you.
There is an open door here.
You block the vampire mosquito's attack.
You miss the vampire mosquito. The vampire mosquito barely misses you.
The vampire mosquito bites you but does no damage.
You barely miss the vampire mosquito. The vampire mosquito bites you!
The vampire mosquito draws strength from your injuries!
You closely miss the vampire mosquito.
The vampire mosquito bites you but does no damage.
The vampire mosquito bites you but does no damage.
The vampire mosquito attacks as you move away!
The vampire mosquito barely misses you.
The vampire mosquito completely misses you.
The vampire mosquito bites you!
* * * LOW HITPOINT WARNING * * *
The vampire mosquito draws strength from your injuries!
There is an open door, spattered with blood here.
You claw the vampire mosquito! Your claw misses the vampire mosquito.
The vampire mosquito is moderately damaged.
You block the vampire mosquito's attack.
You eviscerate the vampire mosquito!!!
You destroy the vampire mosquito!
Trog accepts your kill.
Your ogre goes berserk!
Trog will no longer gift you weapons.
The skeletal warrior hits you with a +3 short sword!
* * * LOW HITPOINT WARNING * * *
Your ogre hits the skeletal warrior with a +0 giant club!!
The skeletal warrior attacks as you move away!
You block the skeletal warrior's attack.
Your ogre hits the skeletal warrior with a +0 giant club.
The skeletal warrior attacks as you move away!
The skeletal warrior hits you with a +3 short sword!!
* * * LOW HITPOINT WARNING * * *
The skeletal warrior attacks as you move away!
The skeletal warrior hits you with a +3 short sword!
You die...

##.# ###### #z# ...^.# #####'###
.....# ##+######## #...z....
.)...# ####.........# #........
>....# #..'.........# #........
.....###.##.........# ###........
....>##..##.........###.'........
.....'..###.....@zO.'z.z#........
.....#### #.......z.#####........
###### #.........# #........
########### #########


You could see 4 skeletal warriors and a friendly ogre (summoned, berserk).

Vanquished Creatures
  Harold (D:9)
  A two-headed ogre (D:11)
  2 tengu warriors (D:10)
  Pikel (D:4)
  An ugly thing (D:11)
  An unseen horror (D:10)
  A troll (D:10)
  Sigmund (D:6)
  A vampire (D:9)
  A wyvern (D:11)
  18 yaks
  Eustachio (D:4)
  4 vampire mosquitoes (D:11)
  Edmund (D:4)
  2 acid dragons (D:10)
  A water moccasin (D:7)
  2 ice beasts (D:7)
  2 orc warriors (D:10)
  3 sky beasts
  3 black bears
  2 ogres
  2 centaurs (D:7)
  A lemure (D:4)
  A phantom (D:5)
  Blork the orc (D:4)
  2 kobold brigands
  3 bullfrogs
  A necrophage (D:5)
  6 scorpions
  15 killer bees
  5 howler monkeys
  2 jellies
  2 hounds
  5 orc priests
  4 iguanas
  Terence (D:3)
  Natasha (D:2)
  6 orc wizards
  4 adders
  A shadow imp (D:7)
  2 white imps
  2 worms (D:2)
  A dart slug (D:1)
  36 orcs
  8 ball pythons
  3 bats
  6 endoplasms
  4 giant cockroaches
  4 goblins
  10 hobgoblins
  6 jackals
  A quokka (D:1)
  3 frilled lizards
  17 kobolds
  5 rats
221 creatures vanquished.

Vanquished Creatures (others)
  An orc (D:4)
  9 fungi (D:10)
  12 plants
22 creatures vanquished.

Grand Total: 243 creatures vanquished

Notes
Turn   | Place    | Note
-------+----------+-------------------------------------------
     0 | D:1      | browni3141 the Troll Berserker began the quest for the Orb.
     0 | D:1      | Reached XP level 1. HP: 22/22 MP: 0/0
    38 | D:1      | Reached skill level 1 in Stealth
    38 | D:1      | Reached XP level 2. HP: 29/29 MP: 1/1
   154 | D:1      | Reached ** piety under Trog
   174 | D:1      | Reached XP level 3. HP: 22/36 MP: 2/2
   916 | D:2      | Noticed Natasha
   922 | D:2      | Killed Natasha
   923 | D:2      | Reached skill level 4 in Unarmed Combat
   923 | D:2      | Reached XP level 4. HP: 44/44 MP: 3/3
  1080 | D:3      | Noticed Terence
  1086 | D:3      | Killed Terence
  1216 | D:3      | Reached *** piety under Trog
  1424 | D:3      | Found an ornate altar of the Wu Jian Council.
  1793 | D:4      | Noticed a lemure
  1794 | D:4      | Noticed Pikel
  1794 | D:4      | Noticed a lemure
  1795 | D:4      | Noticed Blork the orc
  1816 | D:4      | Reached XP level 5. HP: 53/53 MP: 4/4
  1818 | D:4      | Noticed a lemure
  1819 | D:4      | Noticed a lemure
  1822 | D:4      | Killed a lemure
  1832 | D:4      | Killed Pikel
  1833 | D:4      | Reached skill level 6 in Unarmed Combat
  1833 | D:4      | Reached XP level 6. HP: 61/61 MP: 5/5
  1833 | D:4      | Reached XP level 7. HP: 67/67 MP: 6/6
  1873 | D:4      | Reached skill level 7 in Unarmed Combat
  1900 | D:4      | Killed Blork the orc
  1953 | D:4      | Noticed Eustachio
  1963 | D:4      | Killed Eustachio
  1968 | D:4      | Noticed Edmund
  1984 | D:4      | Killed Edmund
  1985 | D:4      | Reached skill level 1 in Throwing
  1985 | D:4      | Reached skill level 8 in Unarmed Combat
  2314 | D:5      | Entered Level 5 of the Dungeon
  2322 | D:5      | Reached XP level 8. HP: 78/78 MP: 7/7
  2518 | D:5      | Reached skill level 9 in Unarmed Combat
  2948 | D:5      | Found a glowing silver altar of Zin.
  2948 | D:5      | Found a bloodstained altar of Trog.
  2949 | D:5      | Found a snail-covered altar of Cheibriados.
  3138 | D:6      | Reached **** piety under Trog
  3193 | D:6      | Found a staircase to the Ecumenical Temple.
  3225 | D:6      | Found a shadowy altar of Dithmenos.
  3254 | D:6      | Found a stormy altar of Qazlal.
  3264 | D:6      | Reached skill level 10 in Unarmed Combat
  3278 | D:6      | Reached XP level 9. HP: 84/84 MP: 8/8
  3314 | D:6      | Found a sparkling altar of Nemelex Xobeh.
  3327 | D:6      | Found Guewag's Antique Weapon Emporium.
  3480 | D:6      | Noticed Sigmund
  3486 | D:6      | Killed Sigmund
  3936 | D:7      | Reached skill level 11 in Unarmed Combat
  4477 | D:8      | Reached skill level 12 in Unarmed Combat
  4480 | D:8      | Reached XP level 10. HP: 81/94 MP: 9/9
  4619 | D:8      | Reached ***** piety under Trog
  4681 | D:8      | Reached skill level 5 in Fighting
  4847 | D:8      | Found a shimmering altar of Xom.
  5697 | D:9      | Reached skill level 13 in Unarmed Combat
  5752 | D:9      | Noticed Harold
  5771 | D:9      | Killed Harold
  5789 | D:9      | Identified the +2 dagger "Killer Bee's Bane" {flame, Drain
                  | rF++ Int+3}
  6053 | D:9      | Reached skill level 5 in Dodging
  6118 | D:10     | Entered Level 10 of the Dungeon
  6193 | D:10     | Found Qeamipt's Assorted Antiques.
  6462 | D:10     | Reached skill level 14 in Unarmed Combat
  6614 | D:10     | Noticed a tengu warrior
  6619 | D:10     | Reached XP level 11. HP: 104/104 MP: 10/10
  6622 | D:10     | Noticed a tengu warrior
  6625 | D:10     | Killed a tengu warrior
  6639 | D:10     | Killed a tengu warrior
  6775 | D:10     | Found a staircase to the Lair.
  6911 | D:11     | Noticed a two-headed ogre
  6920 | D:11     | Killed a two-headed ogre
  6921 | D:11     | Reached skill level 5 in Throwing
  7014 | D:11     | Noticed a purple ugly thing
  7020 | D:11     | Killed a purple ugly thing
  7021 | D:11     | Reached skill level 1 in Shields
  7022 | D:11     | Found the +9 staff of Olgreb {rPois∞}
  7148 | D:11     | Noticed a skeletal warrior
  7150 | D:11     | Noticed a skeletal warrior
  7150 | D:11     | Noticed a skeletal warrior
  7152 | D:11     | Noticed a skeletal warrior
  7165 | D:11     | Reached skill level 15 in Unarmed Combat
  7183 | D:11     | HP: 5/105 [skeletal warrior/+3 short sword (18)]
  7184 | D:11     | Mangled by a skeletal warrior

Illustrated notes

Levels and vault maps discovered:
D:1:      saegor_arrival_simple_b, layout_rooms
D:2:      layout_basic, uniq_natasha
D:3:      layout_rooms, nicolae_wu_jian_immortal_techniques, uniq_terence
D:4:      wander_river, layout_basic, uniq_pikel, uniq_edmund, uniq_eustachio,
          uniq_blork_the_orc
D:5:      layout_basic, gammafunk_temple_overflow_forgotten, grunt_ministairs_6,
          nrook_campfire
D:6:      layout_basic, mainiacjoe_overflow_catch_the_wave,
          grunt_dithmenos_smoke, minmay_temple_entry_hall, serial_shops, shop,
          uniq_sigmund
D:7:      layout_basic
D:8:      layout_basic, mainiacjoe_overflow_alcove_2
D:9:      layout_layer_cave, evilmike_butchery, uniq_harold
D:10:     layout_irregular_city, grunt_lair_entry_orc_guard_hut, serial_shops,
          shop, minmay_between
D:11:     layout_roguey, zombieorc2_lemuel,
          minmay_guarded_unrand_staff_of_olgreb, uniq_urug

Skill      XL: |  1  2  3  4  5  6  7  8  9 10 11 |
---------------+----------------------------------+-----
Stealth        | 1 |  1.0
Unarmed Combat | 4 6 8 10 12 14 15 | 15.0
Fighting       | 3 4 5 |  5.8
Dodging        | 3 4 5 |  5.5
Throwing       | 1 2 3 4 5 |  5.2
Shields        | 1 |  1.0

Action                     |  1- 3 |  4- 6 |  7- 9 | 10-12 || total
---------------------------+-------+-------+-------+-------++-------
  Melee: Unarmed           |    99 |    62 |   238 |   191 ||   590
         Punch             |       |     3 |    10 |    10 ||    23
  Throw: Dart              |       |       |     9 |    12 ||    21
         Javelin           |       |       |       |     6 ||     6
 Invoke: Berserk           |       |     1 |     1 |     4 ||     6
         Trog's Hand       |       |       |       |     1 ||     1
         Brothers in Arms  |       |       |       |     1 ||     1
  Evoke: Wand              |       |       |     2 |     2 ||     4
   Stab: Sleeping          |     1 |     1 |       |       ||     2
 Armour: Animal skin       |    33 |     8 |       |       ||    41
         Robe              |       |       |    40 |    29 ||    69
  Dodge: Dodged            |    46 |    24 |   165 |   133 ||   368
  Block: Other             |       |       |       |    33 ||    33

Table legend: (Time is in decaauts)
 A = Elapsed time spent in this place.
 B = Non-inter-level travel time spent in this place.
 C = Inter-level travel time spent in this place.
 D = Time resting spent in this place.
 E = Time spent auto-exploring this place.
 F = Levels seen in this place.
 G = Mean time per level.
                   A        B        C        D        E       F      G
               +--------+--------+--------+--------+--------+-----+--------+
         Total |   7146 |   6864 |    282 |    124 |   5456 |  11 |  649.6 |
       Dungeon |   7146 |   6864 |    282 |    124 |   5456 |  11 |  649.6 |
               +--------+--------+--------+--------+--------+-----+--------+

Top non-repeatable levels by time:
     D:9: 894 daAuts
     D:4: 860 daAuts
    D:10: 777 daAuts
     D:5: 765 daAuts
     D:8: 750 daAuts
     D:6: 653 daAuts
     D:7: 638 daAuts
     D:2: 513 daAuts
     D:3: 495 daAuts
     D:1: 493 daAuts
    D:11: 303 daAuts
